 Dungeon Crawl Stone Soup version 0.17-a0-1685-g57e755e (webtiles) character file.

173 Liatris the Chopper (level 5, -1/41 HPs)
             Began as a Demonspawn Gladiator on Aug 19, 2015.
             Killed by nerve-wracking pain
             ... invoked by an orc priest
              (7 damage)
             ... on level 3 of the Dungeon.
             The game lasted 00:14:47 (2209 turns).

Liatris the Chopper (Demonspawn Gladiator)          Turns: 2209, Time: 00:14:47

Health: -1/41      AC: 14    Str: 16    XL:     5   Next: 28%
Magic:  5/5        EV:  8    Int: 10    God:
Gold:   81         SH:  0    Dex: 13    Spells: 0 memorised, 4 levels left

rFire  . . .     SeeInvis .     a - +0 war axe
rCold  . . .     Clarity  .     k - +0 chain mail
rNeg   . . .     SustAt   .     (no shield)
rPois  .         Gourm    .     c - +0 helmet
rElec  .         Spirit   .     p - +2 cloak
rCorr  .         Warding  .     (no gloves)
rMut   .         Stasis   .     (no boots)
MR     .....                    (no amulet)
Stlth  ..........               (no ring)
                                (no ring)

@: not resistant to hostile enchantments, extremely unstealthy
A: talons 1, thin metallic scales 1, powered by death 2
a: no special abilities


You were on level 3 of the Dungeon.
You were not hungry.

You visited 1 branch of the dungeon, and saw 3 of its levels.

You collected 81 gold pieces.

Inventory:

Hand weapons
 a - a +0 war axe (weapon)
 o - a +2 quarterstaff of chaos
Missiles
 d - 3 throwing nets (quivered)
Armour
 c - a +0 helmet (worn)
 k - a +0 chain mail (worn)
 p - a +2 cloak (worn)
Jewellery
 h - an uncursed ring of protection from magic {unknown}
 q - an uncursed ring of magical power
Magical devices
 m - a wand of digging (13)
Scrolls
 f - 2 scrolls of identify
 i - 3 scrolls of amnesia
Comestibles
 b - 2 slices of pizza
 e - 4 bread rations
 g - a fruit


   Skills:
 + Level 3.0 Fighting
 + Level 3.9 Axes
 + Level 1.9 Throwing
 + Level 1.7 Armour
 + Level 3.5 Dodging
 + Level 0.2 Stealth


You had 4 spell levels left.
You didn't know any spells.

Dungeon Overview and Level Annotations

Branches:
Dungeon (3/15)

Altars:
Zin


Innate Abilities, Weirdness & Mutations

You have sharp toenails.
You are partially covered in thin metallic scales (AC +2).
You regenerate health from kills.


Message History

The orc priest is heavily wounded.
The orc priest mumbles some strange prayers to Beogh against you.
Something smites you!
* * * LOW HITPOINT WARNING * * *
You hear a shout!
Your chain mail prevents you from hitting the orc priest.
You claw the orc priest, but do no damage.
The orc priest is heavily wounded.
The orc priest calls down the wrath of Beogh upon you.
Pain shoots through your body!
* * * LOW HITPOINT WARNING * * *
The orc priest hits you but does no damage.
You slash the orc priest! Your kick misses the orc priest.
The orc priest is almost dead.
The orc priest hits you but does no damage.
You closely miss the orc priest.
The orc priest is almost dead.
The orc priest calls down the wrath of Beogh upon you.
Pain shoots through your body!
You die...

#.# #.......#*,,,,,#,* #.#
#########*,,,*o.,* #.#
*,,,,..#** ####.### *,,,o..#**
#......# *,,.oo..,** ** #.##.#.#
#####o.....,,***, #.##.#.###
#..o..#,,,,,,,**,
#.##.....#######(#####,,,,,,,**,
#†####.#.......@o# *,,,,,,,*,,
#.####.########### **,,,,,,,,,
#......# **,>,****, ########
**,** *, *,* *, *,* *, **,** *,
*,,,* *, *,,** *,


You could see an orc priest and an orc.

Vanquished Creatures
  An orc priest (D:3)
  Crazy Yiuf (D:2)
  Jessica (D:2)
  3 adders
  An ooze (D:3)
  2 worms (D:3)
  2 giant geckos
  7 orcs
  3 giant cockroaches
  5 goblins
  5 hobgoblins
  2 kobolds
  7 bats
  3 giant newts
  A quokka (D:2)
  5 rats
49 creatures vanquished.

Notes
Turn   | Place    | Note
--------------------------------------------------------------
     0 | D:1      | Liatris the Demonspawn Gladiator began the quest for the Orb.
     0 | D:1      | Reached XP level 1. HP: 16/16 MP: 1/1
   322 | D:1      | Reached skill level 3 in Dodging
   396 | D:1      | Gained mutation: You are partially covered in thin metallic scales (AC +2). [demonic ancestry]
   396 | D:1      | Reached XP level 2. HP: 22/22 MP: 2/2
   724 | D:2      | Noticed Jessica
   736 | D:2      | Killed Jessica
   736 | D:2      | Gained mutation: You regenerate a little health from kills. [demonic ancestry]
   736 | D:2      | Reached XP level 3. HP: 13/28 MP: 3/3
  1185 | D:2      | Gained mutation: You have sharp toenails. [demonic ancestry]
  1185 | D:2      | Reached XP level 4. HP: 32/34 MP: 4/4
  1354 | D:2      | Noticed Crazy Yiuf
  1366 | D:2      | Killed Crazy Yiuf
  1366 | D:2      | Reached skill level 1 in Armour
  2051 | D:3      | Found a glowing silver altar of Zin.
  2084 | D:3      | Gained mutation: You regenerate health from kills. [demonic ancestry]
  2084 | D:3      | Reached XP level 5. HP: 28/40 MP: 5/5
  2209 | D:3      | Killed from afar by an orc priest

Vault maps used:
D:1:      nicolae_arrival_somewhat_less_tricky_arrival, minmay_misc_feat_plants,
          nrook_mini_backslash
D:2:      first_bread, uniq_jessica, uniq_crazy_yiuf_cottage
D:3:      lemuel_doored_altar

Action                   |  1- 3 |  4- 6 || total
-------------------------+-------+-------++-------
Melee: War axe           |   107 |   113 ||   220
  Use: Potion            |     1 |     1 ||     2
       Scroll            |       |     7 ||     7
  Eat: Bread ration      |     1 |       ||     1
       Fruit             |     1 |       ||     1
